 Dungeon Crawl Stone Soup version 0.27-a0-789-g6bb3289e1e (webtiles) character file.

Game seed: 6820679874309053689

100 robertstho the Bolt Thrower (level 4, -5/37 HPs)
             Began as a Minotaur Hunter on Mar 26, 2021.
             Killed by divine providence
             ... invoked by an orc priest
              (11 damage)
             ... on level 3 of the Dungeon.
             The game lasted 00:03:27 (2336 turns).

robertstho the Bolt Thrower (Minotaur Hunter)       Turns: 2336, Time: 00:03:28

Health: -5/37      AC:  3    Str: 16    XL:     4   Next: 46%
Magic:  3/3        EV: 12    Int:  8    God:
Gold:   217        SH:  0    Dex: 12    Spells: 3/3 levels left

rFire    . . .     SeeInvis .   a - +2 hand crossbow
rCold    . . .     Faith    .   (no shield)
rNeg     + . .     Spirit   .   c - +0 leather armour
rPois    .         Reflect  .   (helmet restricted)
rElec    .         Harm     .   (no cloak)
rCorr    .         Rampage  .   (no gloves)
Will     .....                  (no boots)
Stlth    +.........             (no amulet)
HPRegen  0.12/turn              g - ring of positive energy
MPRegen  0.08/turn              (no ring)

@: no status effects
A: horns 2, retaliatory headbutt
a: no special abilities


You were on level 3 of the Dungeon.
You visited 1 branch of the dungeon, and saw 3 of its levels.

You collected 217 gold pieces.

Inventory:

Hand Weapons
 a - a +2 hand crossbow (weapon)
 b - a +0 short sword
Missiles
 d - 63 bolts (quivered ammo)
Armour
 c - a +0 leather armour (worn)
Jewellery
 g - a ring of positive energy (right hand)
Wands
 l - a wand of mindburst (15)
Scrolls
 e - a scroll of enchant weapon
 h - a scroll of vulnerability {unknown}
 i - a scroll of fear {unknown}
 k - a scroll of teleportation {unknown}
 q - a scroll of blinking
Potions
 f - 2 potions of berserk rage
 m - a potion of curing {unknown}
 n - a potion of attraction {unknown}
 o - a potion of haste {unknown}
 p - 2 potions of lignification


   Skills:
 * Level 2.7 Fighting
 * Level 6.1 Crossbows
 * Level 1.4 Armour
 + Level 2.3 Dodging
 - Level 0.7 Stealth


You had 3 spell levels left.
You didn't know any spells.
Your spell library contained the following spells:

 Spells                   Type           Power      Damage    Failure   Level
 Beastly Appendage        Tmut           0%         N/A       47%         1
 Wereblood                Tmut           0%         N/A       63%         2
 Spider Form              Tmut/Pois      0%         N/A       85%         3
 Ice Form                 Ice/Tmut       0%         N/A       99%         4
 Blade Hands              Tmut           0%         N/A       100%        5


Dungeon Overview and Level Annotations

Branches:
Dungeon (3/15)

Altars:
Dithmenos
Sif Muna

Shops:
D:3 *


Innate Abilities, Weirdness & Mutations

You have a pair of horns on your head.
You reflexively headbutt those who attack you in melee.


Message History

d - 65 bolts (gained 1)
d - 66 bolts (gained 1)
You pick up a book of Changes and begin reading...
You add the spells Beastly Appendage, Wereblood, Spider Form, Ice Form and Blade Hands to your library.
Found 11 stones.
Found a stone staircase leading down.
You see here 11 stones. 2 orcs, an orc priest and an orc wizard come into view.
The orc shouts!
The orc priest shouts!
The orc wizard shouts!
The orc shouts!
There are monsters nearby!
There are monsters nearby!
There are monsters nearby!
There are monsters nearby!
There are monsters nearby!
There are monsters nearby!
There are monsters nearby!
You shoot a bolt. The bolt barely misses the orc wizard.
The orc wizard points at you and mumbles some strange words.
You are confused.
You are too confused!
You are too confused!
You are too confused!
You are too confused!
The orc wizard casts a spell at you. You resist with some effort.
The orc priest invokes the aid of Beogh against you.
Beogh smites you!
You feel less confused.
The orc wizard gestures at you while chanting.
You resist with some effort.
You shoot a bolt. The bolt closely misses the orc wizard.
The orc priest invokes the aid of Beogh against you.
Pain shoots through your body!
You shoot a bolt. The bolt barely misses the orc wizard.
The orc priest invokes the aid of Beogh against you.
Beogh smites you!
* * * LOW HITPOINT WARNING * * *
The orc priest calls down the wrath of Beogh upon you.
Beogh smites you!
You die...

#(# #...... #o#
#.#......
######o#######
#........
......o(..(..#
##..#'###
#####........# #.
#.#
#........#####.#.#
#.............>#.#
#..o......######.#
#..@......######.#
#..............#.#
#####.##....#..#.###
#......###.....#
#..##..###..##.#
#..###..#..###..
##...##.....##...
#................
#..##.........##.


You could see an orc priest, an orc wizard and 2 orcs.

Vanquished Creatures
  4 adders
  A dart slug (D:2)
  4 bats
  3 endoplasms (D:2)
  5 giant cockroaches
  4 goblins
  5 hobgoblins
  5 jackals
  2 quokkas (D:2)
  7 ball pythons
  4 frilled lizards (D:2)
  10 kobolds
  2 rats (D:1)
56 creatures vanquished.

Notes
Turn   | Place    | Note
-------+----------+-------------------------------------------
     0 | D:1      | robertstho the Minotaur Hunter began the quest for the Orb.
     0 | D:1      | Reached XP level 1. HP: 18/18 MP: 0/0
    65 | D:1      | Reached XP level 2. HP: 25/25 MP: 1/1
   476 | D:1      | Reached skill level 5 in Crossbows
   649 | D:2      | Reached skill level 1 in Armour
   693 | D:2      | Reached XP level 3. HP: 17/30 MP: 2/2
  1116 | D:2      | Found a shimmering blue altar of Sif Muna.
  1495 | D:2      | Reached XP level 4. HP: 15/37 MP: 3/3
  1922 | D:2      | Reached skill level 6 in Crossbows
  2117 | D:3      | Found Balligga's Assorted Antiques.
  2277 | D:3      | Found a shadowy altar of Dithmenos.
  2336 | D:3      | Killed from afar by an orc priest

Illustrated notes

Levels and vault maps discovered:
D:1:      matt_arrival_diagonals, layout_basic
D:2:      minmay_chambers_of_twos, layout_basic, nicolae_overflow_crystal_walls,
          minivault_23, minmay_split_cup_large
D:3:      layout_basic, serial_shops, shop_coins,
          nicolae_dithmenos_shadow_blocks

Skill      XL: |  1  2  3  4 |
---------------+-------------+-----
Crossbows      | 5 6 |  6.1
Armour         | 1 |  1.4
Fighting       | |  2.7
Dodging        | |  2.3
Stealth        | |  0.7

Action                   |  1- 3 |  4- 6 || total
-------------------------+-------+-------++-------
 Fire: Hand crossbow     |    76 |    24 ||   100
  Use: Scroll            |       |     4 ||     4
Armor: Leather armour    |     3 |     1 ||     4
Dodge: Dodged            |    12 |     2 ||    14

Table legend: (Time is in decaauts)
 A = Elapsed time spent in this place.
 B = Non-inter-level travel time spent in this place.
 C = Inter-level travel time spent in this place.
 D = Time resting spent in this place.
 E = Time spent auto-exploring this place.
 F = Levels seen in this place.
 G = Mean time per level.
                   A        B        C        D        E       F      G
               +--------+--------+--------+--------+--------+-----+--------+
         Total |   2357 |   2315 |     42 |      0 |   2055 |   3 |  785.7 |
       Dungeon |   2357 |   2315 |     42 |      0 |   2055 |   3 |  785.7 |
               +--------+--------+--------+--------+--------+-----+--------+

Top non-repeatable levels by time:
     D:2: 1484 daAuts
     D:1: 625 daAuts
     D:3: 247 daAuts
